 Dungeon Crawl Stone Soup version 0.29.1-15-g9cfb28693d (webtiles) character file.

Game seed: 8039639896456494034

152 BuddhaDhamma the Chopper (level 5, -11/45 HPs)
             Began as a Minotaur Berserker on Mar 23, 2023.
             Was a Believer of Trog.
             Killed by divine providence
             ... invoked by an orc priest
              (12 damage)
             ... on level 3 of the Dungeon.
             The game lasted 00:04:14 (2210 turns).

BuddhaDhamma the Chopper (Minotaur Berserker)       Turns: 2210, Time: 00:04:15

Health: -11/45     AC:  9    Str: 24    XL:     5   Next: 11%
Magic:  4/4        EV:  9    Int:  4    God:    Trog [**....]
Gold:   159        SH:  0    Dex: 15    Spells: 4/4 levels left

rFire   . . .      SeeInvis .   a - +0 hand axe
rCold   . . .      Faith    .   (no shield)
rNeg    . . .      Spirit   .   n - +0 chain mail
rPois   .          Reflect  .   (helmet restricted)
rElec   .          Harm     .   h - +0 cloak
rCorr   .          Rampage  .   (no gloves)
Will    .....                   (no boots)
Stlth   ..........              (no amulet)
HPRegen 0.15/turn               i - +6 ring of dexterity
MPRegen 0.09/turn               (no ring)

@: mighty
A: horns 2, retaliatory headbutt
a: Renounce Religion, Berserk, Trog's Hand


You were on level 3 of the Dungeon.
You worshipped Trog.
Trog was pleased with you.
You visited 1 branch of the dungeon, and saw 3 of its levels.

You collected 159 gold pieces.

Inventory:

Hand Weapons
 a - a +0 hand axe (weapon)
Armour
 h - a +0 cloak (worn)
 n - a +0 chain mail (worn)
Jewellery
 i - a +6 ring of dexterity (left hand)
Wands
 t - a wand of polymorph (4)
Scrolls
 b - a scroll of acquirement {unknown}
 c - 7 scrolls of identify {unknown}
 d - a scroll of summoning {unknown}
 e - a scroll of vulnerability {unknown}
 f - a scroll of brand weapon {unknown}
 j - 2 scrolls of blinking {unknown}
 k - a scroll of enchant armour {unknown}
 l - a scroll of poison {unknown}
 q - a scroll of magic mapping {unknown}
 r - a scroll of torment {unknown}
 u - a scroll of enchant weapon {unknown}
Potions
 g - 2 potions of curing {unknown}
 o - a potion of flight {unknown}
 p - a potion of heal wounds {unknown}
 s - a potion of degeneration {unknown}


   Skills:
 - Level 3.6 Fighting
 + Level 7.1 Axes
 - Level 2.4 Armour
 - Level 2.1 Dodging


You had 4 spell levels left.
You didn't know any spells.
Your spell library was empty.

Dungeon Overview and Level Annotations

Branches:
Dungeon (3/15)

Altars:


Innate Abilities, Weirdness & Mutations

You have a pair of horns on your head.
You reflexively headbutt those who attack you in melee.


Message History

You hit the rat.
You kill the rat!
Trog accepts your kill.
A goblin is nearby!
Found a scroll labelled OCRURU HEOWURPH.
The goblin hits you but does no damage.
You closely miss the goblin. Your headbutt misses the goblin.
You punch the goblin.
You kill the goblin!
Trog accepts your kill.
No target in view!
Found a stone staircase leading down.
c - 7 scrolls labelled OCRURU HEOWURPH (gained 1)
An orc priest and 3 orcs come into view.
The orc priest is wielding a +0 dagger of flaming.
The orc shouts! x2; The orc priest shouts!
The orc shouts!
You hear a shout!
You hear an angry hiss.
An orc priest comes into view. It is wielding a +0 club.
The orc closely misses you.
The orc priest invokes the aid of Beogh against you.
Beogh smites you!
You barely miss the orc. The orc closely misses you.
The orc priest invokes the aid of Beogh against you.
Beogh smites you!
You barely miss the orc. The orc hits you with a +0 war axe.
The orc priest looks braver for a moment.
The orc priest invokes the aid of Beogh against you.
Beogh smites you!
* * * LOW HITPOINT WARNING * * *
A ball python comes into view.
The ball python hisses angrily.
You hit the orc. You headbutt the orc.
You kill the orc!
Trog accepts your kill.
It was a potion of might.
You feel very mighty all of a sudden. The orc barely misses you.
The orc priest calls down the wrath of Beogh upon you.
Beogh smites you!
You die...

....
#.####.....###
#.# #.####.....#
#.#
#..........##
#.#
###.........#
##.# #.#..####.#
#... #.#.#..<#.#
#... ####
#.#.....# #...
##....##.#######
♣.P.
.S.o.oo@.......#
♣♣PP
##...o##.#####.
♣♣. #... #.# ♣♣
#.. #.#####.# ♣.
#. #.#.....# ♣♣.
# #.#.#######
♣.♣ #.........#
##)# ###.#######
#... #.# ####
#...


You could see 2 orc priests, 2 orcs and a ball python.

Vanquished Creatures
  Crazy Yiuf (D:3)
  Robin (D:3)
  3 adders
  A worm (D:2)
  An orc (D:3)
  5 bats
  5 endoplasms
  15 giant cockroaches
  12 goblins
  6 hobgoblins
  6 kobolds
  2 quokkas
  7 ball pythons
  3 frilled lizards (D:2)
  3 rats
71 creatures vanquished.

Notes
Turn   | Place    | Note
-------+----------+-------------------------------------------
     0 | D:1      | BuddhaDhamma the Minotaur Berserker began the quest for the
                  | Orb.
     0 | D:1      | Reached XP level 1. HP: 19/19 MP: 0/0
   180 | D:1      | Reached skill level 4 in Axes
   343 | D:1      | Reached XP level 2. HP: 22/26 MP: 1/1
   794 | D:1      | Reached skill level 5 in Axes
   941 | D:1      | Found a faded altar of an unknown god.
  1062 | D:1      | Reached XP level 3. HP: 30/31 MP: 2/2
  1073 | D:2      | Reached ** piety under Trog
  1202 | D:2      | Reached skill level 6 in Axes
  1202 | D:2      | Reached XP level 4. HP: 29/39 MP: 3/3
  1803 | D:3      | Found a runed translucent door.
  1804 | D:3      | Noticed Crazy Yiuf
  1814 | D:3      | Killed Crazy Yiuf
  2048 | D:3      | Noticed Robin
  2065 | D:3      | Killed Robin
  2066 | D:3      | Reached skill level 7 in Axes
  2066 | D:3      | Reached XP level 5. HP: 45/45 MP: 4/4
  2208 | D:3      | HP: 1/45 [orc priest/divine providence (15)]
  2210 | D:3      | Killed from afar by an orc priest

Illustrated notes

Levels and vault maps discovered:
D:1:      scummos_arrival_checkerplants, layout_basic,
          ebering_ecumenical_altar_box, minmay_pentomino_z4
D:2:      minmay_roachtagon, layout_rooms, minmay_misc_feat_tower
D:3:      layout_basic, okawaru_trees_1, uniq_crazy_yiuf_cottage, uniq_robin,
          uniq_terence

Skill      XL: |  1  2  3  4 |
---------------+-------------+-----
Axes           | 4 5 6 7 |  7.1
Fighting       | |  3.6
Armour         | |  2.4
Dodging        | |  2.1

Action                   |  1- 3 |  4- 6 || total
-------------------------+-------+-------++-------
Melee: Hand axe          |    76 |    52 ||   128
       Headbutt          |    12 |     8 ||    20
       Punch             |     1 |     1 ||     2
       Unarmed           |       |     5 ||     5
Invok: Berserk           |       |     2 ||     2
  Use: Potion            |       |     1 ||     1
 Stab: Sleeping          |     1 |       ||     1
Armor: Animal skin       |    29 |       ||    29
       Chain mail        |       |    26 ||    26
Dodge: Dodged            |    64 |    16 ||    80
